 Dungeon Crawl Stone Soup version 0.30-a0-702-gdf48620a09 (webtiles) character file.

Game seed: 3821125466554475543

39 experimilk the Conjurer (level 3, -8/26 HPs)
             Began as a Draconian Conjurer on Jan 21, 2023.
             Killed by divine providence
             ... invoked by an orc priest
              (12 damage)
             ... on level 3 of the Dungeon.
             The game lasted 00:02:15 (1959 turns).

experimilk the Conjurer (Draconian Conjurer)        Turns: 1959, Time: 00:02:16

Health: -8/26      AC:  6    Str:  9    XL:     3   Next: 28%
Magic:  4/6        EV: 12    Int: 20    God:
Gold:   131        SH:  0    Dex:  9    Spells: 4/7 levels left

rFire   . . .      SeeInvis .    e - +0 dagger
rCold   . . .      Faith    .    (no shield)
rNeg    . . .      Spirit   .    (body armour unavailable)
rPois   .          Reflect  .    (helmet restricted)
rElec   .          Harm     .    c - +0 cloak
rCorr   .          Rampage  .    (no gloves)
Will    .....                    (no boots)
Stlth   ++                       (no amulet)
HPRegen 0.24/turn                (no ring)
MPRegen 0.10/turn                (no ring)

@: no status effects
A: AC +5, unfitting armour, cold-blooded
a: no special abilities


You were on level 3 of the Dungeon.
You visited 1 branch of the dungeon, and saw 3 of its levels.

You collected 131 gold pieces.

Inventory:

Hand Weapons
 e - a +0 dagger (weapon)
Armour
 c - a +0 cloak (worn)
Magical Staves
 f - a staff of death
Scrolls
 g - a scroll of noise {unknown}
 i - 2 scrolls of enchant weapon {unknown}
 j - a scroll of butterflies {unknown}
 k - a scroll of fog {unknown}
 l - a scroll of immolation {unknown}
 n - a scroll of enchant armour {unknown}
Potions
 b - 4 potions of brilliance {unknown}
 d - a potion of attraction {unknown}
 h - 2 potions of degeneration {unknown}
 m - a potion of heal wounds {unknown}


   Skills:
 - Level 1.7 Dodging
 - Level 1.7 Stealth
 + Level 2.5 Spellcasting
 * Level 4.8 Conjurations


You had 4 spell levels left.
You knew the following spells:

 Your Spells              Type           Power      Damage    Failure   Level
a - Magic Dart            Conj           84%        1d7       1%          1
z - Searing Ray           Conj           42%        2d6       3%          2

Your spell library contained the following spells:

 Spells                   Type           Power      Damage    Failure   Level
 Dazzling Flash           Conj/Hex       24%        N/A       17%         3
 Ensorcelled Hibernation  Hex/Ice        4%         N/A       22%         2
 Spider Form              Tmut/Pois      2%         N/A       41%         3
 Fulminant Prism          Conj/Hex       6%         3d7       50%         4
 Iskenderun's Mystic Bla  Conj/Tloc      12%        2d5       50%         4
 Anguish                  Hex/Necr       1%         N/A       83%         4


Dungeon Overview and Level Annotations

Branches:
Dungeon (3/15)

Altars:

Shops:
D:2 :


Innate Abilities, Weirdness & Mutations

Your plain brown scales are hard. (AC +5)
You cannot fit into any form of body armour.
You are cold-blooded and may be slowed by cold attacks.


Message History

There is a stone staircase leading up here.
There are monsters nearby!
Casting: Magic Dart (safe; 1% risk of failure)
Confirm with . or Enter, or press ? or * to list all spells.
Aiming: Searing Ray (safe; 3% risk of failure)
Press: ? - help, Shift-Dir - straight line, f - orc priest
Aim: an orc priest, wielding a +1 flail of distortion and wearing a +0 leather armour (78% to hit)
The searing ray hits the orc priest but does no damage. (Press . to maintain the ray.)
The orc priest barely misses you.
The searing ray hits the orc priest.
The orc priest is lightly wounded.
The orc priest hits you with a +1 flail of distortion.
Space warps horribly around you!
Ouch! That really hurt!
The searing ray hits the orc priest.
The orc priest is heavily wounded.
The orc priest barely misses you. The orc hits you but does no damage. x2
Okay, then.
The searing ray hits the orc priest.
The orc priest is severely wounded.
You finish channelling your searing ray.
The orc priest hits you with a +1 flail of distortion.
* * * LOW HITPOINT WARNING * * *
You blink.
Magic courses through your body. The orc hits you but does no damage.
The orc closely misses you.
Casting: Searing Ray (safe; 3% risk of failure)
Confirm with . or Enter, or press ? or * to list all spells.
Aiming: Searing Ray (safe; 3% risk of failure)
Press: ? - help, Shift-Dir - straight line, f/p - orc priest
Aim: an orc priest, wielding a +1 flail of distortion and wearing a +0 leather armour (severely wounded, 78% to hit)
The searing ray hits the orc!
You kill the orc!
The searing ray hits the orc priest.
The orc priest is almost dead. (Press . to maintain the ray.)
The orc priest mumbles some strange prayers to Beogh against you.
Beogh smites you!
You die...

.......# #
......#
#.####..$..#
#.#........
#........###.##
#.....o<......#
#.........##..#
#...o)o..###.
..#..@.......
#.........####.
#..P......#
....PP......
#.P..♣P......
.P♣.♣♣.........
.♣ ♣♣...####P
.P .....


You could see an orc priest and 2 orcs.

Vanquished Creatures
  An orc (D:3)
  2 ball pythons (D:1)
  2 bats
  An endoplasm (D:2)
  A giant cockroach (D:2)
  5 goblins
  5 hobgoblins
  3 jackals (D:2)
  2 quokkas
  3 frilled lizards
  2 kobolds
  11 rats
38 creatures vanquished.

Vanquished Creatures (others)
  2 plants (D:1)
2 creatures vanquished.

Grand Total: 40 creatures vanquished

Notes
Turn   | Place    | Note
-------+----------+-------------------------------------------
     0 | D:1      | experimilk the Draconian Conjurer began the quest for the
                  | Orb.
     0 | D:1      | Reached XP level 1. HP: 14/14 MP: 3/3
   496 | D:1      | Reached XP level 2. HP: 20/20 MP: 3/5
   499 | D:1      | Learned a level 2 spell: Searing Ray
  1177 | D:1      | Found a faded altar of an unknown god.
  1388 | D:2      | Reached XP level 3. HP: 26/26 MP: 4/6
  1809 | D:2      | Found Kunaroh's Book Emporium.
  1959 | D:3      | Killed from afar by an orc priest

Illustrated notes

Levels and vault maps discovered:
D:1:      elethiomel_arrival_infinity_welcomes_careful_drivers,
          layout_loops_ring, shapermc_ecumenical_altar_mp_urbaneastern,
          minmay_misc_feat_cross
D:2:      layout_loops_ring, serial_shops, shop_statue
D:3:      layout_basic, serial_forest, infiniplex_forest_clump_medium,
          infiniplex_forest_lined_2, infiniplex_forest_clump_curved,
          infiniplex_forest_lined_2, infiniplex_forest_clump_small,
          infiniplex_forest_straight_2, infiniplex_forest_3_way,
          infiniplex_forest_clump_cross, infiniplex_forest_fountain

Action                   || total
-------------------------++-------
Melee: Dagger            ||    16
       Tailslap          ||     3
 Cast: Magic Dart        ||    44
       Searing Ray       ||     6
  Use: Potion            ||     1
Armor: Skin              ||     7
Dodge: Dodged            ||    13

Table legend: (Time is in decaauts)
 A = Elapsed time spent in this place.
 B = Non-inter-level travel time spent in this place.
 C = Inter-level travel time spent in this place.
 D = Time resting spent in this place.
 E = Time spent auto-exploring this place.
 F = Levels seen in this place.
 G = Mean time per level.
                   A        B        C        D        E       F      G
               +--------+--------+--------+--------+--------+-----+--------+
         Total |   1957 |   1905 |     52 |     42 |   1693 |   3 |  652.3 |
       Dungeon |   1957 |   1905 |     52 |     42 |   1693 |   3 |  652.3 |
               +--------+--------+--------+--------+--------+-----+--------+

Top non-repeatable levels by time:
     D:1: 1208 daAuts
     D:2: 743 daAuts
     D:3: 5 daAuts
